 Dungeon Crawl Stone Soup version 0.17.0-24-gcfadda4 (console) character file.

133 gw the Shield-Bearer (level 4, 0/42 HPs)
             Began as a Deep Dwarf Fighter on Nov 15, 2015.
             Was an Initiate of Makhleb.
             Slain by saranimal's ghost (1 damage)
             ... on level 3 of the Dungeon.
             The game lasted 00:07:17 (2874 turns).

gw the Shield-Bearer (Deep Dwarf Fighter)           Turns: 2874, Time: 00:07:17

Health: 0/42       AC:  7    Str: 19    XL:     4   Next: 93%
Magic:  4/4        EV:  7    Int:  9    God:    Makhleb [......]
Gold:   113        SH:  9    Dex: 13    Spells: 0 memorised, 3 levels left

rFire  . . .     SeeInvis .     a - +0 war axe
rCold  . . .     Clarity  .     b - +0 scale mail
rNeg   . . .     SustAt   .     c - +0 shield
rPois  .         Gourm    .     (no helmet)
rElec  .         Spirit   .     (no cloak)
rCorr  .         Warding  .     (no gloves)
rMut   .         Stasis   .     (no boots)
MR     .....                    (no amulet)
Stlth  ..........               (no ring)
                                (no ring)

@: fainting, non-regenerating, not resistant to hostile enchantments, extremely
unstealthy
A: damage resistance, recharge devices, sense surroundings 1, slow regeneration
3
a: Device Recharging, Renounce Religion


You were on level 3 of the Dungeon.
You worshipped Makhleb.
Makhleb was noncommittal.
You were fainting.

You visited 1 branch of the dungeon, and saw 3 of its levels.

You collected 113 gold pieces.

Inventory:

Hand Weapons
 a - a +0 war axe (weapon)
Missiles
 i - 71 stones (quivered)
Armour
 b - a +0 scale mail (worn)
 c - a +0 shield (worn)
Wands
 e - a wand of heal wounds (0)
Scrolls
 g - a scroll of identify
 h - 4 scrolls of remove curse
 k - a scroll of teleportation {unknown}
Potions
 l - a potion of curing
 m - a potion of haste {unknown}
Comestibles
 d - a slice of pizza
 f - 4 bread rations
 j - 3 fruits


   Skills:
 + Level 3.1 Fighting
 * Level 3.8 Axes
 + Level 1.1 Throwing
 + Level 3.7 Armour
 + Level 3.8 Shields
 + Level 1.1 Invocations
 - Level 1.3 Evocations


You had 3 spell levels left.
You didn't know any spells.

Dungeon Overview and Level Annotations

Branches:
Dungeon (3/15)

Altars:
Kikubaaqudgha
Makhleb
Nemelex Xobeh
Okawaru
Vehumet
Xom

Annotations:
D:3 saranimal's ghost, amateur GrMo


Innate Abilities, Weirdness & Mutations

You are resistant to damage.
You can recharge devices by infusing magical energy.
You passively map a small area around you.
You do not regenerate naturally.


Message History

Trying to move but square is occupied??
Making a random move Saranimal's ghost barely misses you.
Trying to move but square is occupied??
Making a random move Saranimal's ghost hits you but does no damage.
Trying to move but square is occupied??
Making a random move Saranimal's ghost barely misses you.
Trying to move but square is occupied??
Making a random move You are fainting from starvation!
Saranimal's ghost hits you but does no damage.
Trying to move but square is occupied??
Making a random move You block saranimal's ghost's attack.
Trying to move but square is occupied??
Making a random move Saranimal's ghost hits you.
You die...

...........#
...........#
###........#
..........##
).##.......#
#..........#
####.......### ##
#.........#####
.###............g#
<..[.#.........W.#
.....#.......#...#
.###......<.#_#..#
.# ####......#...#
## #####.....##
#######


You could see saranimal's ghost.

Table legend:
 A = Turns spent in this place as a percentage of turns spent in the entire game.
 B = Non-inter-level travel turns spent in this place as a percentage of non-inter-level travel turns spent in the entire game.
 C = Inter-level travel turns spent in this place as a percentage of turns spent in this place.
 D = Turns resting spent in this place as a percentage of non-inter-level travel turns spent in this place.
 E = Turns spent auto-exploring this place as a percentage of non-inter-level travel turns spent in this place.
 F = Non-inter-level travel turns spent in this place divided by the number of levels of this place that you've seen.
                   A       B       C       D       E      F
               +-------+-------+-------+-------+-------+----------------------
         Total | 100.0 | 100.0 |   0.2 |   0.0 |   1.3 | 2550.0
       Dungeon | 100.0 | 100.0 |   0.2 |   0.0 |   1.3 | 2550.0
               +-------+-------+-------+-------+-------+----------------------

Table legend:
 A = Kills in this place as a percentage of kills in entire the game.
 B = Kills by you in this place as a percentage of kills by you in the entire game.
 C = Kills by friends in this place as a percentage of kills by friends in the entire game.
 D = Other kills in this place as a percentage of other kills in the entire game.
 E = Experience gained in this place as a percentage of experience gained in the entire game.
 F = Experience gained in this place divided by the number of levels of this place that you have seen.
                   A       B       C       D       E      F
               +-------+-------+-------+-------+-------+----------------------
         Total | 100.0 | 100.0 |  -nan |  -nan | 100.0 |  63.3
       Dungeon | 100.0 | 100.0 |  -nan |  -nan | 100.0 |  63.3
               +-------+-------+-------+-------+-------+----------------------

Vanquished Creatures
  Ijyb (D:3)
  Terence (D:2)
  3 adders
  An ooze (D:2)
  A worm (D:1)
  A giant gecko (D:2)
  2 ball pythons
  3 giant cockroaches
  5 goblins
  7 hobgoblins
  A jackal (D:1)
  6 kobolds
  A quokka (D:3)
  7 bats
  A giant newt (D:1)
  7 rats
48 creatures vanquished.

Notes
Turn   | Place    | Note
--------------------------------------------------------------
     0 | D:1      | gw the Deep Dwarf Fighter began the quest for the Orb.
     0 | D:1      | Reached XP level 1. HP: 20/20 MP: 1/1
   184 | D:1      | Reached XP level 2. HP: 25/27 MP: 2/2
   453 | D:1      | Reached skill level 1 in Evocations
   981 | D:2      | Noticed Terence
   988 | D:2      | Killed Terence
   988 | D:2      | Reached XP level 3. HP: 23/34 MP: 2/4
  1149 | D:2      | Found an ancient bone altar of Kikubaaqudgha.
  1210 | D:2      | Found a sparkling altar of Nemelex Xobeh.
  1384 | D:2      | Reached skill level 1 in Throwing
  1384 | D:2      | Reached XP level 4. HP: 25/42 MP: 5/5
  1637 | D:2      | Found a shimmering altar of Xom.
  1638 | D:2      | Found an iron altar of Okawaru.
  1783 | D:3      | Found a faded altar to an unknown god.
  1823 | D:3      | Found a radiant altar of Vehumet.
  1847 | D:3      | Found a burning altar of Makhleb.
  1867 | D:3      | Became a worshipper of Makhleb the Destroyer
  1906 | D:3      | Noticed Ijyb
  1925 | D:3      | Killed Ijyb
  2033 | D:3      | Reached skill level 1 in Invocations
  2043 | D:3      | Noticed saranimal's ghost (amateur GrMo)
  2861 | D:3      | HP: 1/42 [saranimal's ghost (3)]
  2874 | D:3      | Slain by saranimal's ghost

Action                   |  1- 3 |  4- 6 || total
-------------------------+-------+-------++-------
Melee: War axe           |   118 |    59 ||   177
Throw: Stone             |    87 |    51 ||   138
 Abil: Device Recharging |       |     1 ||     1
Evoke: Wand              |     1 |     6 ||     7
  Use: Scroll            |     3 |     1 ||     4
       Potion            |     1 |     2 ||     3
  Eat: Chunk             |     2 |     2 ||     4

Vault maps used:
D:1:      tarquinn_simple_flora_water_a
D:2:      nicolae_overflow_hidden_temple, nemelex_deck, uniq_terence
D:3:      nicolae_overflow_crystal_walls, vehumet_altar_wand_db, first_bread,
          ecumenical_altar_1, tgw_fedhas, uniq_iyjb
